 Seeded DCSS version 0.31-a0-365-gcf821cafb2 (webtiles) character file.

Game seed: 700 (custom seed)

15714 rocky1 the Impaler (level 12, -1/89 HPs)
             Began as a Merfolk Gladiator on July 28, 2023.
             Was a High Priest of Okawaru.
             Slain by a death yak (19 damage)
             ... led by a torpor snail
             ... on level 2 of the Lair of Beasts.
             The game lasted 00:33:07 (11296 turns).

rocky1 the Impaler (Merfolk Gladiator)             Turns: 11296, Time: 00:33:07

Health: -1/89      AC: 11    Str: 16    XL:     12   Next: 29%
Magic:  16/16      EV: 20    Int: 13    God:    Okawaru [*****.]
Gold:   331        SH:  0    Dex: 17    Spells: 11/11 levels left

rFire   + . .        n - +5 bardiche "Hyrchom" {venom, rF+}
rCold   . . .        (shield currently unavailable)
rNeg    . . .        k - +4 ring mail
rPois   .            (helmet restricted)
rElec   .            (no cloak)
rCorr   .            g - +0 pair of gloves of the Comet {Regen+ Int+4}
SInv    .            (no boots)
Will    .....        (no amulet)
Stlth   ++           C - +5 ring of evasion
HPRegen 1.14/turn    (no ring)
MPRegen 0.15/turn

%: no passive effects
@: slowed, studying 2 skills, unable to drink, very slow
A: (nimble swimmer 2), mertail, horns 1, high MP 1, inability to drink after
injury 1, noise suppression
a: Renounce Religion, Heroism, Finesse, Duel


You were on level 2 of the Lair of Beasts.
You worshipped Okawaru.
Okawaru was extremely pleased with you.
You visited 3 branches of the dungeon, and saw 11 of its levels.
You also visited: Sewer, Ossuary and Bailey.

You collected 632 gold pieces.
You spent 301 gold pieces at shops.

Inventory:

Hand Weapons
 a - a +6 halberd of flaming
 b - a +6 heavy triple crossbow
 n - the +5 bardiche "Hyrchom" (weapon) {venom, rF+}
   (You acquired it on level 7 of the Dungeon)

   rF:        It protects you from fire.
Missiles
 d - 5 throwing nets
 e - 2 javelins
 j - 3 boomerangs of dispersal
 m - 8 boomerangs (quivered)
 o - 2 atropa-tipped darts
 w - 3 silver javelins
 y - 4 datura-tipped darts
 B - 9 poisoned darts
Armour
 c - a +1 helmet
 g - the +0 pair of gloves of the Comet (worn) {Regen+ Int+4}
   (You acquired it on level 3 of the Dungeon)

   Int:       It affects your intelligence (+4).
   Regen:     It increases your rate of health regeneration.
 k - a +4 ring mail (worn)
 v - a +2 pair of boots of flying
 F - the +3 robe "Damnable Contraption" {Drain Will+ Str+3 Dex+6}
   (Okawaru gifted it to you on level 1 of the Lair of Beasts)

   Str:       It affects your strength (+3).
   Dex:       It affects your dexterity (+6).
   Drain:     It drains your maximum health when unequipped.
   Will:      It increases your willpower.
Jewellery
 C - a +5 ring of evasion (left hand)
Wands
 l - a wand of paralysis (11)
 q - a wand of digging (7)
 u - a wand of flame (22)
 I - a wand of iceblast (9)
Scrolls
 h - a scroll of amnesia
 A - a scroll of silence
 D - 2 scrolls of fog
 G - 2 scrolls of revelation
 H - a scroll of teleportation
Potions
 i - a potion of enlightenment
 p - 2 potions of resistance
 r - 6 potions of curing
 s - 2 potions of lignification
 t - a potion of berserk rage
 x - a potion of haste
 z - 2 potions of brilliance


   Skills:
 - Level 6.5 Fighting
 * Level 20.5 Polearms
 - Level 0.1 Ranged Weapons
 - Level 2.2 Throwing
 - Level 4.9 Armour
 - Level 7.9 Dodging
 - Level 2.6 Stealth
 - Level 4.4 Invocations


You had 11 spell levels left.
You didn't know any spells.
Your spell library contained the following spells:

 Spells                   Type           Power      Damage    Failure   Level
 Shock                    Conj/Air       0%         1d3       50%         1
 Poisonous Vapours        Pois/Air       0%         N/A       63%         2
 Mephitic Cloud           Conj/Pois/Air  0%         N/A       86%         3
 Portal Projectile        Hex/Tloc       0%         N/A       86%         3
 Swiftness                Air            0%         N/A       86%         3
 Airstrike                Air            0%         2d(0-16)  99%         4
 Leda's Liquefaction      Hex/Erth       0%         N/A       99%         4
 Freezing Cloud           Conj/Ice/Air   0%         6-21      100%        5
 Call Canine Familiar     Summ           Unusable   N/A       N/A         3
 Summon Ice Beast         Ice/Summ       Unusable   N/A       N/A         4
 Summon Mana Viper        Hex/Summ       Unusable   N/A       N/A         5
 Monstrous Menagerie      Summ           Unusable   N/A       N/A         7

Dungeon Overview and Level Annotations

Branches:
Dungeon (8/15)             Temple (1/1) D:4            Lair (2/5) D:8
 Spider (0/4) Lair:2        Sewer (visited)         Ossuary (visited)
 Bailey (visited)
  Swamp: Lair:2-3    Shoals: Lair:2-3

Altars:
Ashenzari
Cheibriados
Dithmenos
Elyvilon
Fedhas
Gozag
Hepliaklqana
Kikubaaqudgha
Makhleb
Nemelex Xobeh
Okawaru
Qazlal
Ru
Sif Muna
Trog
Uskayaw
Wu Jian
Xom
Yredelemnul
Zin
The Shining One

Shops:
D:6 [


Innate Abilities, Weirdness & Mutations

((You are very nimble when in or above water. (Stealth+, EV+, Speed+++)))
Your lower body shifts to a powerful aquatic tail in water.
You have a pair of small horns on your head.
You have an increased reservoir of magic. (+10% MP)
You occasionally lose the ability to drink potions when taking damage.
You passively dampen the noise of your surroundings.


Message History

You hit the fire elemental.
The fire elemental is severely damaged.
The death yak gores you!! The death yak completely misses you.
The fire elemental barely misses you.
You closely miss the fire elemental.
The fire elemental is severely damaged.
The fire elemental misses you. The death yak misses you.
The death yak completely misses you.
The fire elemental completely misses you.
You slash the fire elemental!
You destroy the fire elemental!
Okawaru accepts your kill. The death yak completely misses you.
The death yak gores you but does no damage.
The death yak gores you!
You slash the death yak!
The death yak looks as sick as possible!
You headbutt the death yak.
The death yak is moderately wounded.
The death yak gores you.
Unknown command.
The torpor snail attacks as you move away!
The torpor snail closely misses you. The death yak gores you!
You feel threatened and lose the ability to drink potions!
The death yak misses you.
You are too injured to fight recklessly!
You barely miss the death yak.
You headbutt the death yak, but do no damage.
The death yak gores you!!
* * * LOW HITPOINT WARNING * * *
The torpor snail misses you. The death yak closely misses you.
The death yak completely misses you. The death yak attacks as you move away!
The death yak closely misses you. The death yak attacks as you move away!
The death yak gores you.
* * * LOW HITPOINT WARNING * * *
The death yak attacks as you move away! The death yak misses you.
The death yak attacks as you move away! The death yak completely misses you.
The death yak misses you. The death yak gores you!!
You die...

### ###.# #######P..#
##.........######
####...............##
##...................#
#...................##
#...........wYY@....P#
#.....#..........#..#####
##...#..§≈≈≈§..###......# ##
........≈###≈...........# ##.
.P...##.≈# #≈§§.........######..
.P......≈##≈≈...........P#......
........≈§#≈≈.......###.........
.. ....≈≈§#≈..#....P##.........
≈.......###.#.....P.


You could see 2 death yaks and a torpor snail.

Vanquished Creatures
  The ghost of Shayle the Martial Artist, a journeyman GnSh of Ashenzari (Lair:1)
  A boulder beetle (Lair:2)
  A dancing weapon (Lair:1)
  A two-headed ogre (D:8)
  Pikel (D:8)
  2 orc knights (Bailey)
  A wolf spider (Lair:1)
  Joseph (D:8)
  A black mamba (Lair:1)
  3 cane toads
  A torpor snail (Lair:1)
  A komodo dragon (D:8)
  A polar bear (Lair:2)
  A troll (D:7)
  5 blink frogs (Lair:1)
  2 jumping spiders (Lair:2)
  A spriggan (Lair:1)
  A fire elemental (Lair:2)
  3 basilisks
  11 yaks
  A redback (Lair:2)
  6 water moccasins
  8 orc warriors
  An ice beast (D:6)
  A sky beast (D:7)
  10 wolves
  3 ogres
  A centaur (D:7)
  A kobold brigand (D:4)
  3 elf zombies (Ossuary)
  A gnoll sergeant (D:8)
  7 bullfrogs
  5 scorpions
  3 killer bees (D:7)
  4 electric eels (D:7)
  6 howler monkeys
  4 centaur zombies (Ossuary)
  5 hounds
  5 human zombies (Ossuary)
  An orc priest (D:6)
  2 jellies
  A sleepcap (D:4)
  2 iguanas (D:5)
  Ijyb (D:4)
  5 orc wizards
  3 mummies (Ossuary)
  12 gnolls
  24 adders
  2 shadow imps (D:8)
  A white imp (D:5)
  2 ufetubi
  A worm (D:2)
  3 dart slugs
  34 orcs
  7 bats
  8 endoplasms
  15 giant cockroaches
  10 goblins
  5 hobgoblins
  5 jackals
  8 kobolds
  12 quokkas
  13 ball pythons
  7 frilled lizards
  A quokka zombie (D:8)
  6 rats
  A rat zombie (D:8)
307 creatures vanquished.

Notes
Turn   | Place    | Note
-------+----------+-------------------------------------------
     0 | D:1      | rocky1 the Merfolk Gladiator began the quest for the Orb.
     0 | D:1      | Reached XP level 1. HP: 16/16 MP: 1/1
   104 | D:1      | Reached XP level 2. HP: 22/22 MP: 2/2
   710 | D:2      | Reached XP level 3. HP: 21/27 MP: 3/3
   938 | D:2      | Reached skill level 5 in Dodging
   938 | D:2      | Reached XP level 4. HP: 34/34 MP: 4/4
   944 | D:2      | Reached skill level 5 in Polearms
  1479 | D:2      | Reached skill level 1 in Armour
  1495 | D:2      | Reached XP level 5. HP: 39/39 MP: 5/5
  1586 | D:3      | Identified a scroll of acquirement
  1587 | D:3      | Acquired the +0 pair of gloves of the Comet {Regen+ Int+4}
  2753 | D:4      | Reached skill level 6 in Polearms
  2753 | D:4      | Reached XP level 6. HP: 30/47 MP: 6/6
  2817 | D:4      | Reached skill level 7 in Polearms
  2845 | D:4      | Identified the +5 short sword "Kegym" {flame, rElec Str+2}
  2852 | D:4      | Reached XP level 7. HP: 12/52 MP: 7/7
  3021 | D:4      | Reached skill level 8 in Polearms
  3035 | D:4      | Noticed Ijyb
  3044 | D:4      | Killed Ijyb
  3085 | D:4      | Found a glowing drain.
  3092 | Sewer    | Entered a sewer
  3516 | D:4      | Reached skill level 1 in Stealth
  3687 | D:4      | Reached skill level 9 in Polearms
  3687 | D:4      | Reached XP level 8. HP: 60/60 MP: 8/8
  3721 | D:4      | Found a staircase to the Ecumenical Temple.
  3938 | Temple   | Entered the Ecumenical Temple
  3952 | Temple   | Became a worshipper of Warmaster Okawaru
  3979 | D:5      | Entered Level 5 of the Dungeon
  4628 | D:5      | You fall into a shaft and drop 3 floors!
  4641 | D:8      | Noticed a yak
  4649 | D:8      | Killed a yak
  4650 | D:8      | Reached skill level 10 in Polearms
  4652 | D:8      | Noticed a komodo dragon
  4670 | D:8      | Killed a komodo dragon
  4670 | D:8      | Reached * piety under Okawaru
  4682 | D:8      | Reached skill level 11 in Polearms
  4682 | D:8      | Reached XP level 9. HP: 37/67 MP: 9/9
  4720 | D:8      | Found a sand-covered staircase.
  4733 | Ossuary  | Entered an ossuary
  4775 | Ossuary  | Reached skill level 5 in Fighting
  4966 | Ossuary  | Reached skill level 1 in Invocations
  5132 | Ossuary  | Reached ** piety under Okawaru
  5396 | D:8      | Noticed Joseph
  5397 | D:8      | Reached skill level 12 in Polearms
  5511 | D:7      | Noticed a troll
  5544 | D:7      | Gained mutation: You are dopey. (Int -2) [potion of
                  | mutation]
  5544 | D:7      | Gained mutation: You have a pair of small horns on your
                  | head. [potion of mutation]
  5551 | D:7      | Killed a troll
  5556 | D:7      | Reached *** piety under Okawaru
  5618 | D:7      | Lost mutation: You are dopey. (Int -2) [potion of mutation]
  5618 | D:7      | Lost mutation: You have a pair of small horns on your head.
                  | [potion of mutation]
  5618 | D:7      | Gained mutation: You are vulnerable to heat. (rF-) [potion
                  | of mutation]
  5700 | D:7      | Found a flagged portal.
  5713 | Bailey   | Entered a bailey
  5849 | Bailey   | Reached XP level 10. HP: 75/76 MP: 12/12
  6273 | Bailey   | Reached skill level 13 in Polearms
  6347 | Bailey   | Noticed an orc knight
  6347 | Bailey   | Noticed an orc knight
  6503 | Bailey   | Killed an orc knight
  6503 | Bailey   | Received a gift from Okawaru
  6566 | Bailey   | Killed an orc knight
  6982 | D:7      | Found a basalt altar of Yredelemnul.
  7051 | D:7      | Found an iron altar of Okawaru.
  7537 | D:7      | Acquired the +5 bardiche "Hyrchom" {venom, rF+}
  7904 | D:6      | Found an opulent altar of Gozag.
  7951 | D:6      | Reached skill level 14 in Polearms
  8111 | D:6      | Found Ciuve's Armour Emporium.
  8120 | D:6      | Bought a +2 pair of boots of flying for 301 gold pieces
  8149 | D:6      | Received a gift from Okawaru
  8847 | D:5      | Lost mutation: You are vulnerable to heat. (rF-) [potion of
                  | mutation]
  8847 | D:5      | Gained mutation: Your body sometimes deteriorates upon
                  | taking damage. [potion of mutation]
  8847 | D:5      | Gained mutation: You occasionally lose the ability to drink
                  | potions when taking damage. [potion of mutation]
  8847 | D:5      | Gained mutation: You are agile. (Dex +4, Str/Int -1)
                  | [potion of mutation]
  9399 | D:8      | Noticed a two-headed ogre
  9403 | D:8      | Killed a two-headed ogre
  9404 | D:8      | Reached skill level 15 in Polearms
  9413 | D:8      | Noticed Pikel
  9416 | D:8      | Killed Pikel
  9417 | D:8      | Reached XP level 11. HP: 83/83 MP: 14/14
  9427 | D:8      | Killed Joseph
  9427 | D:8      | Reached **** piety under Okawaru
  9428 | D:8      | Reached skill level 16 in Polearms
  9821 | D:8      | Found a staircase to the Lair.
  9876 | Lair:1   | Entered Level 1 of the Lair of Beasts
  9942 | Lair:1   | Lost mutation: You are agile. (Dex +4, Str/Int -1) [potion
                  | of mutation]
  9942 | Lair:1   | Lost mutation: Your body sometimes deteriorates upon taking
                  | damage. [potion of mutation]
  9942 | Lair:1   | Gained mutation: You passively dampen the noise of your
                  | surroundings. [potion of mutation]
  9942 | Lair:1   | Gained mutation: You have a pair of small horns on your
                  | head. [potion of mutation]
  9942 | Lair:1   | Gained mutation: You have an increased reservoir of magic.
                  | (+10% MP) [potion of mutation]
  9987 | Lair:1   | Found a runed translucent door.
  9988 | Lair:1   | Found a shimmering altar of Xom.
  9988 | Lair:1   | Noticed Shayle's ghost (journeyman GnSh)
  9988 | Lair:1   | Noticed a +0 rapier of chaos
 10028 | Lair:1   | Reached skill level 17 in Polearms
 10133 | Lair:1   | Noticed a wolf spider
 10140 | Lair:1   | Killed a wolf spider
 10154 | Lair:1   | Acquired a manual of Conjurations
 10270 | Lair:1   | Reached ***** piety under Okawaru
 10462 | Lair:1   | Reached skill level 18 in Polearms
 10872 | Lair:1   | Killed a +0 rapier of chaos
 10872 | Lair:1   | Identified the +3 robe "Damnable Contraption" {Drain Will+
                  | Str+3 Dex+6} (Okawaru gifted it to you on level 1 of the
                  | Lair of Beasts)
 10872 | Lair:1   | Received a gift from Okawaru
 10873 | Lair:1   | Reached skill level 19 in Polearms
 10890 | Lair:1   | Killed Shayle's ghost
 10951 | Lair:2   | Reached XP level 12. HP: 87/89 MP: 16/16
 11014 | Lair:2   | Noticed a boulder beetle
 11017 | Lair:2   | Found a hole to the Spider Nest.
 11024 | Lair:2   | Killed a boulder beetle
 11025 | Lair:2   | Reached skill level 20 in Polearms
 11277 | Lair:2   | Noticed a death yak
 11278 | Lair:2   | Noticed a death yak
 11296 | Lair:2   | Slain by a death yak

Illustrated notes

Levels and vault maps discovered:
D:1:      eino_arrival_tree_alley, layout_rooms, hangedman_abyss_or_decor_stabs
D:2:      layout_rooms
D:3:      minmay_angry_zag, layout_loops_ring, minmay_cupped
D:4:      layout_basic, minmay_temple_entry_antechambers, gup_sewer_entry_pipe,
          nzn_random_ring, uniq_ijyb
D:5:      layout_layer_cave, kennysheep_generic_room_8
D:6:      layout_gridville, grunt_gozag_breadcrumbs, serial_shops, shop
D:7:      wad_lake_hut, layout_rooms, enter_bailey_7, hangedman_feature_mirror
D:8:      layout_cave_pools, grunt_lair_entry_orc_guard_hut, enter_ossuary_4,
          kennysheep_small_spiral, nicolae_letterblocks
          [nicolae_letter_subblock, nicolae_letter_subblock,
          nicolae_letter_subblock, nicolae_letter_subblock,
          nicolae_letter_subblock, nicolae_letter_subblock,
          nicolae_letter_subblock, nicolae_letter_subblock,
          nicolae_letter_subblock, nicolae_letter_subblock,
          nicolae_letter_subblock, nicolae_letter_subblock,
          nicolae_letter_subblock, nicolae_letter_subblock,
          nicolae_letter_subblock, nicolae_letter_subblock,
          nicolae_letter_subblock, nicolae_letter_subblock,
          nicolae_letter_subblock, nicolae_letter_subblock,
          nicolae_letter_subblock, nicolae_letter_subblock,
          nicolae_letter_subblock, nicolae_letter_subblock,
          nicolae_letter_subblock], uniq_pikel, uniq_joseph
Temple:   nicolae_temple_slightly_damp_pantheon
Lair:1:   minmay_lair_venomous_thicket, layout_regular_city, ebering_ghost_xom,
          grunt_forest_large_clearing_hut, lemuel_fruit_tree
Lair:2:   layout_gridlike, minmay_shoals_entry_beasts, spider_nest_entry_a

Skill      XL: |  1  2  3  4  5  6  7  8  9 10 11 12 |
---------------+-------------------------------------+-----
Dodging        | 5 6 7 |  7.9
Polearms       | 5 6 7 9 11 12 15 19 20 | 20.5
Armour         | 1 2 3 4 |  4.9
Fighting       | 3 4 5 6 |  6.5
Stealth        | 1 2 |  2.6
Invocations    | 3 4 |  4.4
Ranged Weapons | |  0.1
Throwing       | |  2.2

Action                     |  1- 3 |  4- 6 |  7- 9 | 10-12 || total
---------------------------+-------+-------+-------+-------++-------
  Melee: Trident           |   102 |     6 |       |       ||   108
         Punch             |     1 |       |       |       ||     1
         Halberd           |       |   131 |   461 |   120 ||   712
         Tailslap          |       |     4 |    10 |     5 ||    19
         Headbutt          |       |       |     2 |    34 ||    36
         Bardiche          |       |       |       |   323 ||   323
   Fire: Triple crossbow   |       |       |       |     2 ||     2
  Throw: Boomerang         |     3 |       |       |     2 ||     5
 Invoke: Heroism           |       |       |     1 |     4 ||     5
    Use: Scroll            |       |     8 |    16 |    20 ||    44
         Potion            |       |     1 |     5 |     4 ||    10
   Stab: Sleeping          |       |     2 |     1 |     5 ||     8
 Armour: Leather armour    |    34 |    10 |       |       ||    44
         Ring mail         |       |    34 |   133 |   119 ||   286
  Dodge: Dodged            |    71 |   101 |   345 |   534 ||  1051

Table legend: (Time is in decaauts)
 A = Elapsed time spent in this place.
 B = Non-inter-level travel time spent in this place.
 C = Inter-level travel time spent in this place.
 D = Time resting spent in this place.
 E = Time spent auto-exploring this place.
 F = Levels seen in this place.
 G = Mean time per level.
                   A        B        C        D        E       F      G
               +--------+--------+--------+--------+--------+-----+--------+
         Total |  11181 |  10816 |    365 |   2325 |   5149 |  14 |  798.6 |
       Dungeon |   7995 |   7681 |    314 |   1612 |   4272 |   8 |  999.4 |
        Temple |     28 |      2 |     26 |      0 |      0 |   1 |   28.0 |
          Lair |   1413 |   1388 |     25 |     91 |    835 |   2 |  706.5 |
         Sewer |    235 |    235 |      0 |      0 |     28 |   1 |  235.0 |
       Ossuary |    444 |    444 |      0 |    208 |     13 |   1 |  444.0 |
        Bailey |   1063 |   1063 |      0 |    414 |      0 |   1 | 1063.0 |
               +--------+--------+--------+--------+--------+-----+--------+

Top non-repeatable levels by time:
     D:5: 1373 daAuts
     D:7: 1321 daAuts
     D:3: 1145 daAuts
  Lair:1: 1067 daAuts
  Bailey: 1063 daAuts
     D:4: 971 daAuts
     D:2: 875 daAuts
     D:8: 820 daAuts
     D:6: 781 daAuts
     D:1: 705 daAuts
 Ossuary: 444 daAuts
  Lair:2: 346 daAuts
   Sewer: 235 daAuts
  Temple: 28 daAuts
